 Dungeon Sprint DCSS version 0.26-a0-668-gd58323b419 (webtiles) character file.

Game seed: 5487100895140026625

1654 sahdkjhfkaj the Blocker (level 9, -1/60 HPs)
             Began as a Gargoyle Fighter on Oct 18, 2020.
             Was an Elder of the Shining One.
             Killed from afar by an efreet (10 damage)
             ... with a fireball
             ... in the Dungeon (Sprint IX: "|||||||||||||||||||||||||||||").
             The game lasted 00:01:30 (528 turns).

sahdkjhfkaj the Blocker (Gargoyle Fighter)           Turns: 528, Time: 00:01:31

Health: -1/60      AC: 30    Str: 25    XL:     9   Next: 0%
Magic:  9/12       EV:  7    Int: 13    God:    the Shining One [****..]
Gold:   0          SH: 13    Dex:  9    Spells: 8/8 levels left

rFire    . . .     SeeInvis .   m - +2 morningstar (protect)
rCold    . . .     Faith    .   c - +0 kite shield
rNeg     + + +     Spirit   .   o - +0 plate armour
rPois    ∞         Reflect  .   (no helmet)
rElec    +         Harm     .   a - +0 cloak
rCorr    .         Rampage  .   n - +0 pair of gloves
MR       .....     NoTele   +   (no boots)
Stlth    ..........             (no amulet)
HPRegen  0.20/turn              b - +3 ring of intelligence
MPRegen  0.13/turn              p - +3 ring of strength

@: protection aura, glowing
A: negative energy resistance 1, electricity resistance, unbreathing,
petrification resistance, rot immunity, AC +6
a: Divine Shield, Cleansing Flame, Renounce Religion


You were in the Dungeon.
You worshipped the Shining One.
The Shining One was greatly pleased with you.
You visited 1 branch

Inventory:

Hand Weapons
 m - a +2 morningstar of protection (weapon)
Armour
 a - a +0 cloak (worn)
 c - a +0 kite shield (worn)
 n - a +0 pair of gloves (worn)
 o - a +0 plate armour (worn)
Jewellery
 b - a +3 ring of intelligence (left hand)
 p - a +3 ring of strength (right hand)
Wands
 l - a wand of acid (10)
Scrolls
 i - 3 scrolls of remove curse
 j - 2 scrolls of blinking
 k - 2 scrolls of amnesia
Potions
 d - a potion of might {!q}
 e - 5 potions of curing {!q}
 f - 3 potions of heal wounds {!q}
 g - a potion of haste {!q}
 h - 4 potions of magic {!q}


   Skills:
 + Level 9.2 Fighting
 * Level 11.1 Maces & Flails
 + Level 9.2 Armour
 * Level 12.2 Shields
 + Level 4.7 Invocations


You had 8 spell levels left.
You didn't know any spells.
Your spell library was empty.

Dungeon Overview and Level Annotations

Branches:
Dungeon (1/1)

Altars:
Cheibriados
Dithmenos
Elyvilon
Fedhas
Gozag
Hepliaklqana
Kikubaaqudgha
Makhleb
Nemelex Xobeh
Okawaru
Qazlal
Ru
Sif Muna
Trog
Uskayaw
Vehumet
Wu Jian
Xom
Yredelemnul
Zin
The Shining One
Beogh
Jiyva
Lugonu


Innate Abilities, Weirdness & Mutations

You are resistant to torment.
Your stone body is resilient. (AC +6)
You are immune to poison.
You resist negative energy. (rN+)
You are resistant to electric shocks. (rElec)
You can survive without breathing.
You are immune to petrification.
You are immune to rotting.


Message History

You have reached level 9!
Your experience leads to an increase in your attributes!
Your base attributes are Str 21, Int 10, Dex 9.
Increase (S)trength, (I)ntelligence, or (D)exterity?
You feel stronger. The efreet gestures at you. The bolt of fire hits you!
* * * LOW HITPOINT WARNING * * *
The efreet gestures at you.
The fireball explodes!
The fireball engulfs you!!
* * * LOW HITPOINT WARNING * * *
The fireball engulfs the efreet.
The efreet completely resists.
Things that are here:
a cursed -3 shortbow; 21 arrows; a centaur corpse You hit the efreet but do no damage.
You block the efreet's attack.
Unknown command.
You fail to use your ability.
The efreet gestures at you.
The fireball explodes!
The fireball engulfs you!
You die... ▓▓▓▓▓▓▓▓▓▓▓▓▓▓▓▓▓▓▓▓▓▓▓ .)...[..†)....()@R°O..+ ▓▓▓▓▓▓▓▓▓▓▓▓▓▓▓▓▓▓▓▓▓▓▓

You could see a two-headed ogre and an efreet.

Vanquished Creatures
  A centaur warrior (D)
  A kobold demonologist (D)
  A troll (D)
  An ice beast (D)
  2 ogres (D)
  A bullfrog (D)
  A scorpion (D)
  A hound (D)
  A jelly (D)
  2 iguanas (D)
  An adder (D)
  2 bat zombies (D)
  A giant cockroach (D)
  2 jackals (D)
  A bat (D)
  A rat (D)
20 creatures vanquished.

Notes
Turn   | Place    | Note
-------+----------+-------------------------------------------
     0 | D        | sahdkjhfkaj the Gargoyle Fighter began the quest for the
                  | Orb.
     0 | D        | Reached XP level 1. HP: 14/14 MP: 1/1
    24 | D        | Reached skill level 4 in Shields
    95 | D        | Noticed a scorpion
    95 | D        | Noticed an ogre
    95 | D        | Noticed a hound
    95 | D        | Noticed an iguana
   103 | D        | Killed a scorpion
   103 | D        | Reached skill level 5 in Shields
   103 | D        | Reached XP level 2. HP: 20/20 MP: 2/2
   103 | D        | Reached XP level 3. HP: 24/24 MP: 3/3
   103 | D        | Reached XP level 4. HP: 30/30 MP: 4/4
   109 | D        | Killed an ogre
   109 | D        | Reached skill level 5 in Fighting
   109 | D        | Reached skill level 5 in Armour
   109 | D        | Reached skill level 7 in Shields
   109 | D        | Reached XP level 5. HP: 36/36 MP: 5/5
   309 | D        | Found a roughly hewn altar of Beogh.
   309 | D        | Found a snail-covered altar of Cheibriados.
   309 | D        | Found a shadowy altar of Dithmenos.
   309 | D        | Found a white marble altar of Elyvilon.
   309 | D        | Found a blossoming altar of Fedhas.
   309 | D        | Found an opulent altar of Gozag.
   310 | D        | Found a hazy altar of Hepliaklqana.
   311 | D        | Found a viscous altar of Jiyva.
   312 | D        | Found an ancient bone altar of Kikubaaqudgha.
   313 | D        | Found a corrupted altar of Lugonu.
   314 | D        | Found a burning altar of Makhleb.
   315 | D        | Found a sparkling altar of Nemelex Xobeh.
   316 | D        | Found an iron altar of Okawaru.
   317 | D        | Found a stormy altar of Qazlal.
   318 | D        | Found a sacrificial altar of Ru.
   319 | D        | Found a shimmering blue altar of Sif Muna.
   320 | D        | Found a bloodstained altar of Trog.
   321 | D        | Found a hide-covered altar of Uskayaw.
   322 | D        | Found a radiant altar of Vehumet.
   323 | D        | Found an ornate altar of the Wu Jian Council.
   324 | D        | Found a shimmering altar of Xom.
   325 | D        | Found a basalt altar of Yredelemnul.
   326 | D        | Found a glowing silver altar of Zin.
   327 | D        | Found a glowing golden altar of the Shining One.
   336 | D        | Became a worshipper of the Shining One
   382 | D        | Reached * piety under the Shining One
   382 | D        | Noticed an ogre
   382 | D        | Noticed a troll
   384 | D        | Reached skill level 8 in Shields
   384 | D        | Reached XP level 6. HP: 42/42 MP: 6/6
   386 | D        | Reached ** piety under the Shining One
   390 | D        | Reached skill level 9 in Shields
   398 | D        | Killed a troll
   398 | D        | Reached skill level 10 in Shields
   398 | D        | Reached XP level 7. HP: 30/48 MP: 7/7
   503 | D        | Noticed a kobold demonologist
   503 | D        | Reached *** piety under the Shining One
   503 | D        | Noticed a centaur warrior
   503 | D        | Noticed an efreet
   503 | D        | Noticed a two-headed ogre
   507 | D        | Killed a kobold demonologist
   507 | D        | Reached **** piety under the Shining One
   507 | D        | Reached skill level 10 in Maces & Flails
   507 | D        | Reached skill level 11 in Shields
   507 | D        | Reached XP level 8. HP: 55/55 MP: 7/9
   522 | D        | Killed a centaur warrior
   522 | D        | Reached skill level 12 in Shields
   525 | D        | Reached XP level 9. HP: 48/60 MP: 9/12
   528 | D        | Killed from afar by an efreet

Illustrated notes

Levels and vault maps discovered:
D:        linesprint [early_d, line_temple, items_1, d_10, items_2, lair_1,
          lair_end, items_3, orc_1, orc_end, items_4, d_15, swamp_1, shoals_1,
          snake_1, spider_1, d_20, vaults_1, items_5, swamp_end, shoals_end,
          snake_end, spider_end, vaults_end, d_27, items_6, zot_1, zot_end,
          crypt_end, forest_end, elf_end, slime_end, tomb_end, abyss_end,
          pan_hell_end]

Skill      XL: |  1  2  3  4  5  6  7  8 |
---------------+-------------------------+-----
Shields        | 5 7 8 10 11 12 | 12.2
Fighting       | 4 5 6 7 8 9 |  9.2
Maces & Flails | 4 6 7 9 10 11 | 11.1
Armour         | 4 5 6 7 8 9 |  9.2
Invocations    | 2 4 |  4.7

Action                   |  1- 3 |  4- 6 |  7- 9 || total
-------------------------+-------+-------+-------++-------
Melee: Flail             |    28 |    25 |       ||    53
       Morningstar       |       |    15 |    23 ||    38
  Use: Potion            |     1 |       |       ||     1
Armor: Scale mail        |    12 |    14 |       ||    26
       Plate armour      |       |    13 |     8 ||    21
Dodge: Dodged            |     9 |    12 |     2 ||    23
Block: Kite shield       |    13 |    23 |    11 ||    47

Table legend: (Time is in decaauts)
 A = Elapsed time spent in this place.
 B = Non-inter-level travel time spent in this place.
 C = Inter-level travel time spent in this place.
 D = Time resting spent in this place.
 E = Time spent auto-exploring this place.
 F = Levels seen in this place.
 G = Mean time per level.
                   A        B        C        D        E       F      G
               +--------+--------+--------+--------+--------+-----+--------+
         Total |    551 |    551 |      0 |    335 |      0 |   1 |  551.0 |
       Dungeon |    551 |    551 |      0 |    335 |      0 |   1 |  551.0 |
               +--------+--------+--------+--------+--------+-----+--------+

Top non-repeatable levels by time:
       D: 551 daAuts
